 Dungeon Crawl Stone Soup version 0.21.1-1-g345015fe64 (webtiles) character file.

1625 Oravi the Slinger (level 9, -8/59 HPs)
             Began as a Halfling Fighter on Mar 27, 2018.
             Blown up by Pikel (20 damage)
             ... with a wand of disintegration (6)
             ... on level 6 of the Dungeon.
             The game lasted 00:39:12 (6861 turns).

Oravi the Slinger (Halfling Fighter)                Turns: 6861, Time: 00:39:12

Health: -8/59      AC:  8    Str: 20    XL:     9   Next: 17%
Magic:  9/9        EV: 11    Int:  6    God:
Gold:   306        SH: 12    Dex: 14    Spells: 8/8 levels left

rFire    . . .     SeeInvis .   a - +0 rapier
rCold    . . .     Gourm    .   c - +1 shield
rNeg     . . .     Faith    .   m - +0 scale mail
rPois    .         Spirit   .   h - +0 helmet
rElec    .         Reflect  .   d - scarf {repulsion}
rCorr    .         Harm     .   (no gloves)
MR       .....                  (no boots)
Stlth    ..........             (no amulet)
HPRegen  0.19/turn              (no ring)
MPRegen  0.11/turn              (no ring)

@: repel missiles
A: small, mutation resistance 1
a: no special abilities


You were on level 6 of the Dungeon.
You were not hungry.

You visited 2 branches of the dungeon, and saw 7 of its levels.

You collected 306 gold pieces.

Inventory:

Hand Weapons
 a - a +0 rapier (weapon)
 b - a +0 hunting sling
Missiles
 j - 148 stones (quivered)
 o - 25 sling bullets
Armour
 c - a +1 shield (worn)
 d - a scarf of repulsion (worn)
 h - a +0 helmet (worn)
 m - a +0 scale mail (worn)
Jewellery
 t - a cursed ring of teleportation {unknown}
Wands
 e - a wand of digging (4)
 p - a wand of iceblast (2)
Scrolls
 g - a scroll of fog {unknown}
 k - 2 scrolls of identify
 l - a scroll of remove curse
 q - 3 scrolls of amnesia {unknown}
 r - a scroll of magic mapping
Potions
 i - 3 potions of curing
 s - a potion of flight
Comestibles
 f - 9 rations


   Skills:
 + Level 4.4 Fighting
 + Level 6.3 Short Blades
 + Level 8.5 Slings
 + Level 5.4 Armour
 + Level 2.5 Dodging
 + Level 6.0 Shields


You had 8 spell levels left.
You didn't know any spells.

Dungeon Overview and Level Annotations

Branches:
Dungeon (6/15)             Temple (1/1) D:4

Altars:
Dithmenos
Elyvilon
Gozag
Kikubaaqudgha
Makhleb
Nemelex Xobeh
Ru
Sif Muna
Trog
Uskayaw
Vehumet
Wu Jian
Yredelemnul
The Shining One

Annotations:
D:6 Pikel


Innate Abilities, Weirdness & Mutations

You are small and have problems with some larger weapons.
You are somewhat resistant to further mutation.


Message History

You puncture Pikel!
Pikel is heavily wounded.
Pikel hits you but does no damage.
You closely miss Pikel.
Pikel is heavily wounded.
Pikel hits you but does no damage.
You miss Pikel.
Pikel is heavily wounded.
You block Pikel's attack.
You closely miss Pikel.
Pikel is heavily wounded.
Pikel zaps a wand.
You are blasted!
You hit Pikel but do no damage.
Pikel is heavily wounded.
Pikel zaps a wand.
You are blasted!
* * * LOW HITPOINT WARNING * * *
You hit Pikel.
Pikel is heavily wounded.
Pikel zaps a wand.
You are blasted!
You die...

....####.#.#
###+#.###
...........# #...#
...........# ##..##
...........######...#
................'.>.#
..........#######...#
+#...<..'..# #...#
#......##.# #...#
#....@.##.# #...#
#####K###.# #...# #p#
#.# ##### #p# #.#


pp. #.# ##. #.# . ..# ## You could see Pikel and 4 slaves.

Vanquished Creatures
  2 sky beasts
  An ice beast (D:5)
  An ogre (D:4)
  A centaur (D:5)
  A bullfrog (D:6)
  5 wights
  A howler monkey (D:4)
  3 crimson imps (D:5)
  2 hounds
  4 orc priests
  5 orc wizards
  An iguana (D:4)
  Natasha (thrice) (D:3)
  4 worker ants
  Robin (D:2)
  4 gnolls (D:4)
  5 adders
  4 river rats (D:5)
  An ooze (D:4)
  2 dart slugs
  21 orcs
  3 bats
  6 giant cockroaches
  16 goblins
  10 hobgoblins
  5 jackals
  8 kobolds
  2 quokkas (D:3)
  2 ball pythons
  A ball python skeleton (D:4)
  3 frilled lizards
  A jackal zombie (D:5)
  9 rats
138 creatures vanquished.

Notes
Turn   | Place    | Note
-------+----------+-------------------------------------------
     0 | D:1      | Oravi the Halfling Fighter began the quest for the Orb.
     0 | D:1      | Reached XP level 1. HP: 15/15 MP: 1/1
    90 | D:1      | Reached XP level 2. HP: 16/20 MP: 2/2
   574 | D:2      | Noticed Robin
   674 | D:2      | Reached XP level 3. HP: 25/25 MP: 3/3
   694 | D:2      | Reached XP level 4. HP: 16/31 MP: 4/4
  1123 | D:2      | Reached XP level 5. HP: 23/36 MP: 5/5
  1492 | D:3      | Found an ornate altar of the Wu Jian Council.
  1755 | D:3      | Reached XP level 6. HP: 40/42 MP: 6/6
  1772 | D:3      | Noticed Natasha
  2154 | D:2      | Killed Robin
  2279 | D:2      | Reached skill level 1 in Dodging
  2323 | D:2      | Found a hide-covered altar of Uskayaw.
  2494 | D:3      | Killed Natasha
  2494 | D:3      | Reached skill level 1 in Slings
  2926 | D:3      | Noticed Natasha
  2934 | D:3      | Killed Natasha
  2960 | D:3      | Reached skill level 2 in Slings
  2976 | D:3      | Reached skill level 3 in Slings
  2976 | D:3      | Reached XP level 7. HP: 10/46 MP: 7/7
  3286 | D:4      | Reached skill level 4 in Slings
  3303 | D:4      | Reached skill level 5 in Short Blades
  3651 | D:3      | Noticed Natasha
  3677 | D:3      | Killed Natasha
  3677 | D:3      | Reached skill level 5 in Shields
  4175 | D:5      | Entered Level 5 of the Dungeon
  4219 | D:5      | Reached skill level 5 in Slings
  4433 | D:5      | Found a burning altar of Makhleb.
  4470 | D:5      | Reached XP level 8. HP: 54/54 MP: 8/8
  4577 | D:5      | Reached skill level 6 in Slings
  4577 | D:5      | Reached skill level 5 in Armour
  4852 | D:5      | Reached skill level 7 in Slings
  5742 | D:4      | Found a staircase to the Ecumenical Temple.
  5749 | Temple   | Entered the Ecumenical Temple
  5911 | D:4      | Reached skill level 8 in Slings
  5975 | D:4      | Found a sacrificial altar of Ru.
  6310 | D:4      | Reached XP level 9. HP: 59/59 MP: 9/9
  6589 | D:6      | Found a radiant altar of Vehumet.
  6839 | D:6      | Noticed Pikel
  6861 | D:6      | Blown up by Pikel

Skill      XL: |  1  2  3  4  5  6  7  8  9 |
---------------+----------------------------+-----
Fighting       | 3 4 |  4.4
Short Blades   | 3 4 5 6 |  6.3
Shields        | 4 5 6 |  6.0
Armour         | 4 5 |  5.4
Dodging        | 1 2 |  2.5
Slings         | 3 5 8 |  8.5

Action                   |  1- 3 |  4- 6 |  7- 9 || total
-------------------------+-------+-------+-------++-------
Melee: Rapier            |    53 |   131 |   374 ||   558
 Fire: Hunting sling     |       |    51 |   231 ||   282
  Use: Scroll            |     5 |     2 |     2 ||     9
       Potion            |       |     7 |     6 ||    13
  Eat: Chunk             |       |     6 |    13 ||    19
Armor: Scale mail        |    22 |    42 |    97 ||   161
       Skin              |       |     3 |    14 ||    17
Dodge: Dodged            |    14 |    39 |   124 ||   177
       Deflected         |       |       |     1 ||     1
Block: Shield            |    39 |    74 |   222 ||   335
